 Dungeon Sprint DCSS version 0.28.0-49-g6dfe1f597d (webtiles) character file.

Game seed: 6547341872839344586

4266 Revguard the Agnostic (level 10, -30/82 HPs)
             Began as a Palentonga Fighter on May 18, 2022.
             Killed from afar by a salamander tyrant (35 damage)
             ... in the Dungeon (Sprint V: "Ziggurat Sprint").
             The game lasted 00:06:46 (721 turns).

Revguard the Agnostic (Palentonga Fighter)           Turns: 721, Time: 00:06:48

Health: -30/82     AC: 33    Str: 27    XL:     10   Next: 10%
Magic:  15/15      EV:  3    Int:  8    God:
Gold:   0          SH: 29    Dex: 17    Spells: 9/9 levels left

rFire   . . .      SeeInvis +   E - +14 obsidian axe {vorpal, Mesm Drain Fly SInv}
rCold   . . .      Faith    .   G - +18 shield of the Gong {rElec rN+ Will+ EV-5}
rNeg    + . .      Spirit   .   F - +15 Maxwell's patent armour {-Cast -Tele rElec Will+ rCorr}
rPois   .          Reflect  .   (no helmet)
rElec   +          Harm     .   (no cloak)
rCorr   +          Rampage  .   (no gloves)
Will    ++...      NoTele   +   (no barding)
Stlth   .......... NoCast   +   I - amulet of regeneration
HPRegen 1.03/turn               y - +6 ring of strength
MPRegen 0.14/turn               u - +6 ring of dexterity

@: weakened, flying, mesmerised, curled up
A: large, rugged brown scales 3, see invisible, deformed body, roll 1, armoured
tail, reflexive curl, clumsy 1, frail 1, low MP 1
a: Rolling Charge


You were in the Dungeon.
You visited 1 branch

Inventory:

Hand Weapons
 a - a +0 war axe
 E - the +14 obsidian axe (weapon) {vorpal, Mesm Drain Fly SInv}
   (You found it in the Dungeon)

   It inflicts extra damage upon your enemies.
   It occasionally summons demons to assist the wielder when it strikes in
   combat.
   Its wielder is mesmerised by any visible foes.
   It cannot be unequipped while any foes are visible.
   SInv:      It lets you see invisible.
   Fly:       It grants you flight.
   Drain:     It drains your maximum health when unequipped.
Armour
 b - a +0 scale mail
 c - a +0 buckler
 F - the +15 Maxwell's patent armour (worn) {-Cast -Tele rElec Will+ rCorr}
   (You found it in the Dungeon)

   rElec:     It insulates you from electricity.
   -Cast:     It prevents spellcasting.
   -Tele:     It prevents most forms of teleportation.
   rCorr:     It protects you from acid and corrosion.
   Will:      It increases your willpower.
 G - the +18 shield of the Gong (worn) {rElec rN+ Will+ EV-5}
   (You found it in the Dungeon)

   It is deafeningly noisy when blocking attacks.
   EV:        It affects your evasion (-5).
   rElec:     It insulates you from electricity.
   rN:        It protects you from negative energy.
   Will:      It increases your willpower.
Jewellery
 n - a +6 ring of intelligence
 t - a ring of flight
 u - a +6 ring of dexterity (right hand)
 v - a +6 ring of dexterity
 w - a +6 ring of intelligence
 x - a +6 ring of intelligence
 y - a +6 ring of strength (left hand)
 z - a +6 ring of strength
 I - an amulet of regeneration (around neck)
 J - a ring of resist corrosion
 K - an amulet of magic regeneration
 L - a ring of poison resistance
 N - the ring of Tilys {Ice Will+ rCorr Dex+4}
   (You found it in the Dungeon)

   [ring of ice]

   It enhances your ice magic.
   Dex:       It affects your dexterity (+4).
   rF:        It makes you vulnerable to fire.
   rC:        It protects you from cold.
   rCorr:     It protects you from acid and corrosion.
   Will:      It increases your willpower.
Wands
 A - a wand of mindburst (7)
 B - a wand of iceblast (7)
 C - a wand of acid (7)
Scrolls
 j - 4 scrolls of blinking
 o - 4 scrolls of amnesia
 p - 7 scrolls of fog
 q - a scroll of holy word
 r - 5 scrolls of identify
 s - 2 scrolls of fear
 O - a scroll of brand weapon
Potions
 d - 6 potions of might
 e - 10 potions of curing
 f - 9 potions of heal wounds
 g - 6 potions of haste
 h - 7 potions of magic
 i - 3 potions of berserk rage
 k - 2 potions of brilliance
 l - 2 potions of invisibility
 m - 4 potions of resistance
Miscellaneous
 D - a lightning rod (4/4)
 H - a box of beasts
 M - a tin of tremorstones (2/2)


   Skills:
 + Level 9.8 Fighting
 + Level 9.5 Axes
 + Level 8.1 Armour
 + Level 7.6 Dodging
 + Level 8.1 Shields
 + Level 9.9 Invocations
 + Level 8.3 Evocations


You had 9 spell levels left.
You didn't know any spells.
Your spell library contained the following spells:

 Spells                   Type           Power      Damage    Failure   Level
 Animate Skeleton         Necr           0%         N/A       100%        1
 Pain                     Necr           0%         1d4       100%        1
 Sting                    Tmut/Pois      0%         1d3       100%        1
 Ensorcelled Hibernation  Hex/Ice        0%         N/A       100%        2
 Vampiric Draining        Necr           0%         2d6       100%        3
 Animate Armour           Summ/Erth      0%         N/A       100%        4
 Summon Forest            Summ/Tloc      0%         N/A       100%        5
 Summon Mana Viper        Hex/Summ       0%         N/A       100%        5
 Yara's Violent Unravell  Hex/Tmut       0%         3d3       100%        5
 Conjure Ball Lightning   Conj/Air       0%         3x3d6     100%        6
 Eringya's Noxious Bog    Tmut/Pois      0%         N/A       100%        6
 Summon Cactus Giant      Summ           0%         N/A       100%        6
 Summon Hydra             Summ           0%         N/A       100%        7
 Discord                  Hex            0%         N/A       100%        8
 Disjunction              Tloc           0%         N/A       100%        8
 Summon Horrible Things   Summ           0%         N/A       100%        8


Dungeon Overview and Level Annotations

Branches:
Dungeon (1/1)

Altars:
Ashenzari
Cheibriados
Dithmenos
Elyvilon
Fedhas
Gozag
Hepliaklqana
Kikubaaqudgha
Makhleb
Nemelex Xobeh
Okawaru
Qazlal
Ru
Sif Muna
Trog
Uskayaw
Vehumet
Wu Jian
Xom
Yredelemnul
Zin
The Shining One
Beogh
Jiyva
Lugonu


Innate Abilities, Weirdness & Mutations

You are completely covered in rugged brown scales. (AC +3, +7% HP)
You have supernaturally acute eyesight. (SInv)
Armour fits poorly on your strangely shaped body.
You can roll at nearby foes to attack.
You have a long armoured tail.
You curl defensively after being hit. (AC +7*)
You are clumsy. (Dex -2)
You are frail. (-10% HP)
Your magical capacity is low. (-10% MP)


Message History

The balrug shouts!
You hear a shout!
The balrug gestures at you. The bolt of fire hits your neqoxec!!!
Your neqoxec dies!
Your neqoxec disappears in a puff of smoke!
A salamander tyrant comes into view.
Your neqoxec gestures at the balrug.
The salamander tyrant twists and deforms.
A Brimstone Fiend comes into view.
Found five items.
There's nothing you can charge at!
A salamander tyrant and 2 fire giants come into view.
A fire giant is wielding a +0 great sword of flaming.
A fire giant is wielding a +0 great sword of flaming.
Found five items.
The fire giant shouts!
The balrug gestures at you. Something smites you!
The salamander tyrant gazes fiercely through you!
You feel your attacks grow feeble.
The salamander tyrant rends the earth beneath you!
The blast of magma engulfs you!
The blast of magma engulfs your chaos spawn!!
Your chaos spawn dies!
Your chaos spawn degenerates into a cloud of primal chaos!
The blast of magma engulfs your neqoxec!!!
Your neqoxec dies!
Your neqoxec disappears in a puff of smoke!
The hellephant breathes flames at you. The blast of flame hits you!!
* * * LOW HITPOINT WARNING * * *
The balrug gestures at you. Something smites you!
* * * LOW HITPOINT WARNING * * *
You feel much better. The hell hog breathes fire at you.
The fireball explodes!
The fireball engulfs you!
* * * LOW HITPOINT WARNING * * *
The salamander tyrant rends the earth beneath you!
The blast of magma engulfs you!!
You die...

▓...8©8...▓
▓..[:C)[..▓...).|}..▓
▓..N1C2)..▓...))||..▓
▓..YN.N...▓.........▓
▓....C....▓....†....▓
▓....h....▓.........▓
▓..§..4...▓.........▓
▓...≈≈§...▓.▓.....▓.▓
▓.▓.§@..▓.▓....©....▓
▓....©≈...▓▓▓▓▓▓▓▓▓▓▓
▓▓▓▓▓▓▓▓▓▓▓


You could see a hellephant (catching breath), a Brimstone Fiend, 3 fire giants,
a balrug (ally target), 3 salamander tyrants, a hell hog (mesmerising, catching
breath) and a friendly hellwing (summoned).

Vanquished Creatures
  2 shining eyes (D)
  An unseen horror (shapeshifter) (D)
  A yaktaur (shapeshifter) (D)
  A queen bee (shapeshifter) (D)
  2 fire elementals (D)
  A human (shapeshifter) (D)
  2 neqoxecs (D)
  3 small abominations (D)
  2 water moccasins (D)
  4 hell hounds (D)
  A floating eye (D)
  3 scorpions (D)
  2 wights (D)
  A crimson imp (D)
  3 iron imps (D)
  An adder (D)
  4 shadow imps (D)
  2 ufetubi (D)
  An adder zombie (D)
  A bat zombie (D)
  An endoplasm (D)
  2 ball python skeletons (D)
  A giant cockroach zombie (D)
  A quokka skeleton (D)
  A fire vortex (D)
44 creatures vanquished.

Vanquished Creatures (collateral kills)
  An ancient zyme (D)
  A neqoxec (D)
  2 hell hounds (D)
  A necrophage (D)
  A scorpion (D)
  2 white imps (D)
  A bat skeleton (D)
  A ball python zombie (D)
10 creatures vanquished.

Grand Total: 54 creatures vanquished

Notes
Turn   | Place    | Note
-------+----------+-------------------------------------------
     0 | D        | Revguard the Palentonga Fighter began the quest for the
                  | Orb.
     0 | D        | Reached XP level 1. HP: 19/19 MP: 1/1
     0 | D        | Found a shimmering blue altar of Sif Muna.
     0 | D        | Found a bloodstained altar of Trog.
     0 | D        | Found a sacrificial altar of Ru.
     0 | D        | Found a stormy altar of Qazlal.
     0 | D        | Found an iron altar of Okawaru.
     1 | D        | Found a sparkling altar of Nemelex Xobeh.
     1 | D        | Found a blossoming altar of Fedhas.
     1 | D        | Found the +6 Majin-Bo {vamp, MP+6 Int+6}
     1 | D        | Found the +9 heavy crossbow "Sniper" {vorpal, Acc+∞ SInv}
     1 | D        | Found the +10 dark maul {vorpal}
     1 | D        | Found the +15 Maxwell's patent armour {-Cast -Tele rElec
                  | Will+ rCorr}
     1 | D        | Found the +18 shield of the Gong {rElec rN+ Will+ EV-5}
     1 | D        | Found the +14 obsidian axe {vorpal, Mesm Drain Fly SInv}
     1 | D        | Found the +7 great mace "Firestarter" {inner flame, rF++}
     1 | D        | Found the +6 shillelagh "Devastator" {shatter}
     1 | D        | Found the +11 plutonium sword {Contam Stlth-}
     1 | D        | Found the +8 lance "Wyrmbane" {slay drac, rPois rF+ rC+
                  | AC+3}
     1 | D        | Found the +9 sword of Zonguldrok {reap}
     1 | D        | Found the +13 scythe of Curses {drain, Drain}
     1 | D        | Found the +5 sword of Power {vorpal}
     1 | D        | Found the +7 mace of Variability {chain chaos}
     1 | D        | Found the +7 Singing Sword {vorpal, sonic wave}
     1 | D        | Found the +8 storm bow {elec, penet}
     3 | D        | Found a transporter.
     3 | D        | Found an ancient bone altar of Kikubaaqudgha.
     3 | D        | Found a viscous altar of Jiyva.
     3 | D        | Found a corrupted altar of Lugonu.
     3 | D        | Found a hazy altar of Hepliaklqana.
     3 | D        | Found a burning altar of Makhleb.
     3 | D        | Found an opulent altar of Gozag.
    49 | D        | Reached XP level 2. HP: 26/26 MP: 2/4
    75 | D        | Entered arena 2.
    75 | D        | Noticed a floating eye
    75 | D        | Found a transporter.
    77 | D        | Killed a floating eye
    78 | D        | Reached skill level 5 in Fighting
    78 | D        | Reached XP level 3. HP: 35/35 MP: 4/6
    78 | D        | Reached XP level 4. HP: 41/41 MP: 4/7
    82 | D        | Entered arena 3.
    82 | D        | Noticed a water moccasin
    82 | D        | Noticed a water moccasin
    82 | D        | Found a transporter.
    86 | D        | Killed a water moccasin
    87 | D        | Reached XP level 5. HP: 40/48 MP: 5/8
    88 | D        | Killed a water moccasin
    89 | D        | Reached skill level 5 in Axes
    89 | D        | Reached skill level 5 in Armour
    89 | D        | Reached skill level 5 in Shields
    89 | D        | Reached skill level 5 in Invocations
    89 | D        | Reached XP level 6. HP: 43/55 MP: 5/10
   167 | D        | Entered arena 4.
   167 | D        | Found a transporter.
   172 | D        | Reached skill level 5 in Evocations
   173 | D        | Gained mutation: You curl defensively after being hit. (AC
                  | +7*) [Palentonga growth]
   173 | D        | Reached XP level 7. HP: 54/63 MP: 11/11
   254 | D        | Entered arena 5.
   254 | D        | Noticed a fire elemental
   254 | D        | Noticed a fire elemental
   254 | D        | Found a transporter.
   257 | D        | Killed a fire elemental
   258 | D        | Reached skill level 5 in Dodging
   262 | D        | Killed a fire elemental
   466 | D        | Entered arena 6.
   466 | D        | Found a transporter.
   469 | D        | Reached XP level 8. HP: 56/71 MP: 13/13
   484 | D        | Entered arena 7.
   484 | D        | Noticed an ancient zyme
   485 | D        | Found a transporter.
   485 | D        | Gained mutation: Your magical capacity is low. (-10% MP) [a
                  | neqoxec]
   487 | D        | Gained mutation: You are frail. (-10% HP) [a neqoxec]
   488 | D        | Killed an ancient zyme
   652 | D        | Entered arena 8.
   653 | D        | Found a transporter.
   665 | D        | Entered arena 9.
   666 | D        | Found a transporter.
   678 | D        | Got the Handbook of Earth and the Escort
   682 | D        | Got the Catalogue of the Oath and Contamination
   684 | D        | Entered arena 10.
   684 | D        | Found the +7 lajatang of Order {silver, rMut}
   684 | D        | Noticed a shining eye
   684 | D        | Noticed a shining eye
   684 | D        | Noticed a queen bee
   684 | D        | Noticed a yaktaur
   684 | D        | Noticed an unseen horror
   685 | D        | Killed an unseen horror
   686 | D        | Reached XP level 9. HP: 72/72 MP: 13/13
   686 | D        | Found a transporter.
   687 | D        | Gained mutation: You are clumsy. (Dex -2) [a shining eye]
   689 | D        | Killed a yaktaur
   690 | D        | Killed a shining eye
   691 | D        | Killed a queen bee
   692 | D        | Killed a shining eye
   696 | D        | Got the ring of Tilys {Ice Will+ rCorr Dex+4}
   702 | D        | Entered arena 11.
   704 | D        | Found a transporter.
   705 | D        | Reached XP level 10. HP: 80/80 MP: 15/15
   719 | D        | Entered arena 12.
   719 | D        | Noticed a hellephant
   719 | D        | Noticed a fire giant
   719 | D        | Noticed a hell hog
   719 | D        | Noticed a balrug
   719 | D        | Noticed a salamander tyrant
   719 | D        | Noticed a salamander tyrant
   719 | D        | Noticed a Brimstone Fiend
   720 | D        | Noticed a salamander tyrant
   720 | D        | Noticed a fire giant
   720 | D        | Noticed a fire giant
   720 | D        | HP: 4/82 [balrug/divine providence (14)]
   721 | D        | Killed from afar by a salamander tyrant

Illustrated notes

Levels and vault maps discovered:
D:        sprint_v [room_start, room_1, room_2, room_3, room_4, room_5, room_6,
          room_7, room_8, room_9, room_10, room_11, room_12, room_13, room_14,
          room_15, room_16, room_17, room_18, room_19, room_20, room_21,
          room_22, room_23, room_24, room_25, room_26, room_27]

Skill      XL: |  1  2  3  4  5  6  7  8  9 |
---------------+----------------------------+-----
Fighting       | 4 5 6 7 8 9 |  9.8
Axes           | 3 4 5 6 7 8 9 |  9.5
Armour         | 3 4 5 6 7 8 |  8.1
Dodging        | 2 3 4 5 6 7 |  7.6
Shields        | 3 4 5 6 7 8 |  8.1
Invocations    | 2 4 5 6 7 8 9 |  9.9
Evocations     | 2 3 4 5 6 7 8 |  8.3

Action                   |  1- 3 |  4- 6 |  7- 9 | 10-12 || total
-------------------------+-------+-------+-------+-------++-------
Melee: Broad axe         |     1 |    10 |    33 |     4 ||    48
       Tailslap          |       |     3 |     5 |       ||     8
 Abil: Rolling Charge    |       |     1 |     7 |       ||     8
Evoke: Tin of tremorston |       |       |     1 |       ||     1
  Use: Potion            |     1 |       |       |     1 ||     2
Armor: Plate armour      |       |    13 |    18 |     1 ||    32
Dodge: Dodged            |       |       |       |     1 ||     1
Block: Kite shield       |     1 |    22 |    40 |     6 ||    69
